 Dungeon Crawl Stone Soup version 0.23-a0-175-g97aacdb (webtiles) character file.

726 Amnesiac the Magician (level 7, 0/46 HPs)
             Began as a Mummy Ice Elementalist on Sept 17, 2018.
             Slain by a sky beast (1 damage)
             ... on level 6 of the Dungeon.
             The game lasted 00:05:31 (3415 turns).

Amnesiac the Magician (Mummy Ice Elementalist)      Turns: 3415, Time: 00:05:32

Health: 0/46       AC:  2    Str: 11    XL:     7   Next: 44%
Magic:  9/16       EV: 12    Int: 17    God:
Gold:   103        SH:  0    Dex: 12    Spells: 4/18 levels left

rFire    x . .     SeeInvis .   a - +1 hunting sling
rCold    + . .     Gourm    .   (no shield)
rNeg     + + +     Faith    .   d - +0 robe
rPois    ∞         Spirit   .   (no helmet)
rElec    .         Reflect  .   (no cloak)
rCorr    .         Harm     .   (no gloves)
MR       .....                  (no boots)
Stlth    ++........             (no amulet)
HPRegen  0.15/turn              (no ring)
MPRegen  0.15/turn              (no ring)

@: no status effects
A: no food or potions, fire vulnerability, cold resistance 1, negative energy
resistance 3, torment resistance, unbreathing
a: no special abilities


You were on level 6 of the Dungeon.
You were not hungry.

You visited 1 branch of the dungeon, and saw 7 of its levels.

You collected 103 gold pieces.

Inventory:

Hand Weapons
 a - a +1 hunting sling (weapon)
 b - a +0 falchion
 f - a +2 dagger of venom
Missiles
 g - 91 stones
 h - 17 sling bullets (quivered)
Armour
 d - a +0 robe (worn)
Wands
 c - a wand of iceblast (14)
 j - a wand of polymorph (9)
Scrolls
 e - 4 scrolls of identify {!r, unknown}
 i - a scroll of acquirement {!r, unknown}


   Skills:
 - Level 1.5 Dodging
 - Level 1.5 Stealth
 - Level 6.0 Spellcasting
 + Level 1.6 Conjurations
 - Level 6.0 Ice Magic


You had 4 spell levels left.
You knew the following spells:

 Your Spells              Type           Power        Failure   Level  Hunger
a - Freeze                Ice            ####         1%          1    N/A
b - Summon Ice Beast      Ice/Summ       ###.....     36%         4    N/A
d - Throw Icicle          Conj/Ice       ###.....     26%         4    N/A
e - Throw Frost           Conj/Ice       ###...       4%          2    N/A
z - Ozocubu's Armour      Chrm/Ice       ###.....     11%         3    N/A

Your spell library contained the following spells:

 Spells                   Type           Power        Failure   Level  Hunger


Dungeon Overview and Level Annotations

Branches:
Dungeon (7/15)
 Temple: D:4-7

Altars:
Ashenzari
Fedhas
Nemelex Xobeh

Annotations:
D:2 Sigmund
D:6 exclusion: downstairs, Gildeon's ghost, novice MiFi
D:7 Dowan; Duvessa


Innate Abilities, Weirdness & Mutations

You do not eat or drink.
Your flesh is vulnerable to fire.
You are immune to poison.
Your flesh is cold resistant. (rC+)
You are immune to negative energy. (rN+++)
You are immune to unholy pain and torment.
You can survive without breathing.


Message History

The hound barks!
The hound is heavily wounded.
The hound bites you. The hound barely misses you.
Casting: Freeze (safe; 1% risk of failure)
Confirm with . or Enter, or press ? or * to list all spells.
Aiming: Freeze (safe; 1% risk of failure)
Press: ? - help, Shift-Dir - straight line, f/p - hound
Aim: a hound (heavily wounded)
You freeze the hound.
The hound is almost dead.
The hound closely misses you.
Casting: Freeze (safe; 1% risk of failure)
Confirm with . or Enter, or press ? or * to list all spells.
Aiming: Freeze (safe; 1% risk of failure)
Press: ? - help, Shift-Dir - straight line, f/p - hound
Aim: a hound (almost dead)
You freeze the hound.
You kill the hound!
The sky beast flickers out of sight!
Deactivating autopickup; reactivate with Ctrl-A.
Something barely misses you.
You see here a bubbling brown potion {!q}.
Casting: Freeze (safe; 1% risk of failure)
Confirm with . or Enter, or press ? or * to list all spells.
Aiming: Freeze (safe; 1% risk of failure)
Press: ? - help, Shift-Dir - straight line There's nothing close enough!
Something hits you but does no damage.
You barely miss something. Something completely misses you. Something hits you.
Something shocks you.
Casting: Freeze (safe; 1% risk of failure)
Confirm with . or Enter, or press ? or * to list all spells.
Aiming: Freeze (safe; 1% risk of failure)
Press: ? - help, Shift-Dir - straight line You freeze something.
Something hits you. Something shocks you.
Casting: Freeze (safe; 1% risk of failure)
Confirm with . or Enter, or press ? or * to list all spells.
Aiming: Freeze (safe; 1% risk of failure)
Press: ? - help, Shift-Dir - straight line You freeze something.
Something hits you.
* * * LOW HITPOINT WARNING * * *
Something shocks you.
* * * LOW HITPOINT WARNING * * *
Casting: Freeze (safe; 1% risk of failure)
Confirm with . or Enter, or press ? or * to list all spells.
Aiming: Freeze (safe; 1% risk of failure)
Press: ? - help, Shift-Dir - straight line You freeze something.
Something hits you.
* * * LOW HITPOINT WARNING * * *
Something shocks you.
* * * LOW HITPOINT WARNING * * *
Casting: Freeze (safe; 1% risk of failure)
Confirm with . or Enter, or press ? or * to list all spells.
Aiming: Freeze (safe; 1% risk of failure)
Press: ? - help, Shift-Dir - straight line You freeze something.
Something hits you.
* * * LOW HITPOINT WARNING * * *
Something shocks you.
* * * LOW HITPOINT WARNING * * *
Casting: Freeze (safe; 1% risk of failure)
Confirm with . or Enter, or press ? or * to list all spells.
Aiming: Freeze (safe; 1% risk of failure)
Press: ? - help, Shift-Dir - straight line You freeze something.
Something hits you.
You die...

#.....#
#.....#
#.....#
#.....#
#.....#
#.....#
#..!..#
#.{...#
#.@†..#
#.....#
###'###
#..
#...
#....
.....
.#####


There were no monsters in sight!

Vanquished Creatures
  An ogre (D:6)
  2 centaurs
  A water moccasin zombie (D:5)
  2 scorpions (D:4)
  An orc wizard (D:5)
  4 hounds
  A bullfrog skeleton (D:5)
  2 worker ants (D:4)
  6 adders
  A howler monkey skeleton (D:4)
  An adder skeleton (D:4)
  2 worms
  A dart slug (D:4)
  2 leopard geckos (D:4)
  7 orcs
  2 giant cockroaches
  A goblin (D:3)
  2 hobgoblins
  2 jackals
  2 quokkas (D:4)
  2 frilled lizards
  2 jackal skeletons
  A rat (D:3)
48 creatures vanquished.

Notes
Turn   | Place    | Note
-------+----------+-------------------------------------------
     0 | D:1      | Amnesiac the Mummy Ice Elementalist began the quest for the
                  | Orb.
     0 | D:1      | Reached XP level 1. HP: 13/13 MP: 4/4
    48 | D:2      | Noticed Sigmund
   189 | D:3      | Reached XP level 2. HP: 19/19 MP: 3/5
   193 | D:3      | Learned a level 2 spell: Throw Frost
   689 | D:3      | You fall through a shaft for 2 floors!
   689 | D:5      | Entered Level 5 of the Dungeon
   785 | D:5      | Reached XP level 3. HP: 20/24 MP: 1/7
   790 | D:5      | Learned a level 3 spell: Ozocubu's Armour
   832 | D:5      | Found a shattered altar of Ashenzari.
   837 | D:5      | Reached XP level 4. HP: 30/30 MP: 6/9
   846 | D:5      | Learned a level 4 spell: Throw Icicle
   876 | D:5      | Noticed an ogre
   883 | D:5      | Noticed a centaur
  1248 | D:4      | Reached XP level 5. HP: 20/35 MP: 2/11
  1365 | D:4      | Found a blossoming altar of Fedhas.
  1571 | D:6      | Noticed an ogre
  1576 | D:6      | Killed an ogre
  1576 | D:6      | Reached XP level 6. HP: 41/41 MP: 3/13
  1673 | D:6      | Noticed Gildeon's ghost (novice MiFi)
  1692 | D:6      | Noticed an orc warrior
  1698 | D:6      | Reached skill level 5 in Spellcasting
  1698 | D:6      | Reached skill level 5 in Ice Magic
  1929 | D:7      | Noticed Duvessa
  1929 | D:7      | Noticed Dowan
  2236 | D:5      | Reached XP level 7. HP: 11/46 MP: 10/15
  2541 | D:5      | Found a sparkling altar of Nemelex Xobeh.
  2876 | D:4      | Learned a level 4 spell: Summon Ice Beast
  3041 | D:4      | Reached skill level 1 in Conjurations
  3414 | D:6      | HP: 1/46 [something (5)]
  3415 | D:6      | Slain by a sky beast

Vault maps used:
D:1:      tarquinn_simple_flora_water_c, serial_forest,
          infiniplex_forest_straight_4, infiniplex_forest_end_double,
          infiniplex_forest_lined_4_way, infiniplex_forest_end_2,
          infiniplex_forest_zigzag_2, infiniplex_forest_clump_tiny,
          minmay_fountain_box, hangedman_decor_points
D:2:      lemuel_doored_altar, uniq_sigmund, uniq_terence
D:3:      led_xom_imps
D:4:      first_ration, fedhas_altar_1
D:5:      ashenzari_conservatory_becter, nemelex_spade_bored_becter
D:6:      minmay_temple_entry_overgrown, gammafunk_ghost_split
D:7:      nicolae_overflow_quartered_altars, basic_altar, the_bakery,
          kennysheep_generic_room_6, uniq_menkaure, uniq_pikel, uniq_duvessa,
          uniq_joseph, uniq_prince_ribbit1

Skill      XL: |  1  2  3  4  5  6  7 |
---------------+----------------------+-----
Ice Magic      | 3 4 5 6 |  6.0
Spellcasting   | 3 4 5 6 |  6.0
Conjurations   | 1 |  1.6
Dodging        | |  1.5
Stealth        | |  1.5

Action                   |  1- 3 |  4- 6 |  7- 9 || total
-------------------------+-------+-------+-------++-------
Melee: Dagger            |     8 |       |       ||     8
       Hunting sling     |       |       |     1 ||     1
 Fire: Hunting sling     |     4 |    63 |    41 ||   108
 Cast: Freeze            |    21 |    39 |    20 ||    80
       Throw Frost       |       |    10 |       ||    10
       Ozocubu's Armour  |       |     1 |       ||     1
  Use: Scroll            |     3 |     1 |       ||     4
Armor: Robe              |     1 |     8 |     4 ||    13
Dodge: Dodged            |    19 |    45 |    11 ||    75

Table legend:
 A = Non-vault XP
 B = Vault XP
 C = Vault XP percentage of total XP
 D = Non-vault monster count
 E = Vault monster count
 F = Vault count percentage of total count
                 A         B        C        D         E       F
            +---------+---------+-------+---------+---------+-------
      Total |    1038 |       0 |   0.0 |      48 |       0 |   0.0
            +---------+---------+-------+---------+---------+-------
        D:1 |       2 |       0 |   0.0 |       1 |       0 |   0.0
        D:3 |      44 |       0 |   0.0 |       9 |       0 |   0.0
        D:4 |     312 |       0 |   0.0 |      18 |       0 |   0.0
        D:5 |     396 |       0 |   0.0 |      16 |       0 |   0.0
        D:6 |     284 |       0 |   0.0 |       4 |       0 |   0.0
            +---------+---------+-------+---------+---------+-------
